Map: [ESL] Data-C

Players

Kelazhur

  • Race: Terran Terran
  • League: Master
  • Spawn Location: 3:00

HeroMarine - Winner!

  • Race: Terran Terran
  • League: Master
  • Spawn Location: 9:00

Event: HomeStory Cup XXII

VOD

Have the link to the VOD?

Description

Time

  • Played on: Dec. 16, 2022, 7:50 a.m.
  • Length: 18:03

All games in this series

Show
View Real Time Build Order
Export as new Build Order

Kelazhur Terran 

Build Orders: Gas First Reaper Expand, Hellion Opening 

Get SALT Encoding   

  12  0:00  SCV  
  13  0:12  SCV  
  14  0:17  Supply Depot  
  14  0:24  SCV  
  14  0:27  Refinery  
  15  0:38  SCV  
  16  0:44  Barracks  
  16  0:50  SCV  
  17  1:02  SCV  
  18  1:15  SCV  
  19  1:31  Reaper, Orbital Command  
  20  1:41  Command Center  
  20  1:52  Factory  
  20  1:57  SCV  
  21  2:05  Barracks Reactor  
  21  2:06  Supply Depot  
  21  2:09  SCV  
  21  2:15  Refinery  
  22  2:21  SCV  
  23  2:33  SCV  
  24  2:41  Starport  
  24  2:45  SCV, Hellion x2  
  29  2:53  Orbital Command  
  29  2:57  SCV  
  30  3:00  Barracks Tech Lab  
  30  3:08  Hellion  
  30  3:09  Hellion  
  30  3:10  SCV  
  35  3:16  Refinery  
  35  3:19  SCV  
  36  3:22  SCV  
  36  3:24  Raven  
  39  3:33  Hellion x2  
  43  3:34  SCV  
  43  3:36  SCV  
  45  3:41  Supply Depot  
  45  3:42  Barracks Tech Lab  
  45  3:46  SCV  
  46  4:01  Supply Depot  
  46  4:03  SCV x2  
  46  4:07  Cyclone  
  51  4:10  Raven  
  51  4:11  Supply Depot  
  51  4:15  SCV  
  54  4:20  Supply Depot  
  54  4:23  SCV  
  55  4:25  Marine x2  
  55  4:28  SCV  
  58  4:36  Command Center  
  58  4:37  SCV  
  59  4:40  SCV  
  59  4:44  Marine x2  
  62  4:49  SCV, Siege Tank  
  62  4:52  SCV  
  67  4:53  Raven  
  67  4:55  Supply Depot  
  69  5:02  SCV, Marine x2  
  69  5:04  SCV  
  73  5:08  Supply Depot  
  73  5:10  Barracks  
  73  5:14  SCV  
  74  5:16  SCV  
  74  5:20  Marine x2  
  77  5:23  Siege Tank  
  77  5:26  SCV  
  80  5:29  SCV  
  81  5:37  Refinery  
  81  5:38  SCV  
  81  5:41  SCV  
  83  5:48  Barracks  
  83  5:50  SCV  
  83  5:53  Viking x2  
  83  5:54  Orbital Command, Marine  
  83  5:55  Siege Tank  
  92  5:57  Stimpack  
  92  5:59  SCV  
  92  6:02  Barracks Reactor, SCV  
  92  6:08  Supply Depot  
  92  6:09  Orbital Command  
  92  6:11  SCV  
  92  6:14  SCV  
  92  6:16  Marine  
  95  6:20  Engineering Bay  
  95  6:21  Engineering Bay  
  95  6:23  SCV  
  96  6:26  SCV  
  96  6:28  Viking x2  
  96  6:31  Supply Depot, Siege Tank  
  103  6:35  SCV x2  
  103  6:36  Barracks Reactor  
  103  6:39  SCV  
  106  6:41  Marine x3  
  109  6:47  SCV x2  
  109  6:50  Refinery, Sensor Tower  
  109  6:51  Refinery  
  109  6:53  SCV  
  112  6:59  SCV  
  112  7:00  SCV, Marine x3  
  112  7:01  Medivac x2  
  121  7:05  SCV  
  121  7:06  Supply Depot x2  
  122  7:11  SCV  
  122  7:13  SCV  
  124  7:18  SCV  
  124  7:20  Marine x2  
  125  7:24  Terran Infantry Weapons Level 1  
  125  7:27  SCV x2, Marine x2  
  125  7:28  Siege Tank  
  132  7:31  Barracks x2  
  132  7:34  Marine  
  132  7:36  Medivac x2  
  137  7:38  SCV  
  137  7:43  SCV  
  137  7:44  Supply Depot  
  137  7:48  Command Center  
  137  7:49  Marine x3  
  137  7:50  Combat Shield, Marine  
  141  7:52  Terran Infantry Armor Level 1  
  141  8:03  Supply Depot  
  141  8:04  Supply Depot  
  141  8:05  Siege Tank, Marine  
  141  8:06  Supply Depot  
  141  8:11  Marine  
  144  8:13  Medivac x2, Marine  
  144  8:14  Marine x2  
  144  8:17  Armory  
  151  8:25  Barracks Reactor x2  
  151  8:26  Marine  
  152  8:31  Marine x2  
  154  8:37  Marine  
  154  8:38  Siege Tank  
  157  8:46  Medivac  
  157  8:48  Marine x2  
  157  8:49  Marine  
  157  8:52  SCV  
  157  8:53  SCV x2  
  157  8:54  Barracks  
  163  8:56  Barracks  
  163  8:57  Barracks  
  163  8:58  Supply Depot  
  163  8:59  Marine x2  
  163  9:00  Medivac  
  167  9:04  Marine  
  167  9:06  Marine  
  167  9:08  Marine  
  167  9:09  Missile Turret  
  171  9:10  Marine  
  171  9:11  Marine  
  171  9:13  Marine  
  171  9:16  Medivac  
  171  9:17  Siege Tank  
  179  9:19  Planetary Fortress  
  179  9:21  SCV x3, Factory  
  179  9:23  Marine  
  179  9:24  Marine x3  
  182  9:27  Terran Infantry Weapons Level 2  
  182  9:30  Barracks Reactor  
  185  9:36  Marine x4  
  187  9:41  Marine  
  187  9:42  Medivac, Marine x3  
  193  9:48  Marine  
  193  9:49  Siege Tank, Marine x2  
  198  9:54  Marine x4  
  182  10:07  Medivac  
  180  10:11  Marine  
  180  10:12  Medivac  
  177  10:17  Terran Infantry Armor Level 2  
  177  10:21  Siege Tank  
  171  10:25  Marine x3  
  171  10:26  Marine  
  171  10:27  Barracks Reactor x3, Siege Tank  
  173  10:28  SCV  
  173  10:29  SCV x3  
  173  10:35  Marine  
  178  10:41  SCV  
  177  10:45  Marine x9  
  186  10:52  Terran Vehicle Weapons Level 1  
  186  10:53  Medivac, Siege Tank, Marine  
  186  10:54  Medivac  
  194  10:57  Command Center  
  194  11:00  Siege Tank  
  194  11:02  Marine  
  194  11:03  Marine x2  
  200  11:23  Marine x10  
  200  11:25  Siege Tank  
  188  11:28  Marine x6  
  191  11:40  Marine  
  191  11:41  Siege Tank, Marine x5  
  191  11:42  Command Center  
  200  11:56  Terran Infantry Weapons Level 3  
  200  11:57  Command Center  
  200  12:03  Barracks x2  
  200  12:05  Barracks  
  200  12:09  Planetary Fortress  
  200  12:12  Missile Turret  
  200  12:36  Missile Turret  
  200  12:43  Command Center  
  200  12:44  Command Center x2  
  200  12:52  Siege Tank  
  200  12:55  Siege Tank, Marine  
  200  12:56  Marine x7  
  200  12:57  Terran Infantry Armor Level 3  
  191  13:04  Marine x8  
  184  13:07  Barracks Reactor x3  
  184  13:08  Orbital Command  
  181  13:13  Marine  
  181  13:14  Marine x6  
  181  13:15  Marine  
  184  13:22  Marine x6  
  184  13:23  Marine  
  184  13:24  Siege Tank  
  191  13:28  Orbital Command  
  191  13:30  Factory  
  191  13:33  Marine  
  189  13:35  Siege Tank  
  189  13:37  Marine  
  189  13:38  Marine x2  
  189  13:40  Marine x8  
  200  14:00  Command Center  
  195  14:04  Siege Tank  
  195  14:08  Marine x19  
  195  14:09  Siege Tank  
  194  14:11  Marine x2  
  194  14:12  Marine  
  194  14:14  Medivac x2  
  196  14:22  Factory Tech Lab  
  196  14:25  Marine  
  196  14:26  Marine x3  
  180  14:36  Siege Tank  
  183  14:41  Marine  
  183  14:42  Siege Tank, Marine x11  
  191  14:49  Medivac x2  
  191  14:51  Siege Tank, Marine  
  191  14:52  Marine  
  200  14:57  Orbital Command x3  
  200  15:19  Siege Tank, Marine  
  200  15:20  Marine  
  195  15:26  Marine x16  
  195  15:27  Siege Tank, Marine x4  
  175  15:36  Medivac x2  
  175  15:37  Marine  
  175  15:38  Siege Tank, Marine  
  175  15:39  Orbital Command  
  184  15:44  Marine x10  
  194  15:51  Siege Tank  
  194  15:53  Missile Turret  
  194  15:55  Missile Turret  
  194  15:56  Missile Turret  
  196  16:01  Siege Tank  
  198  16:09  Marine x3  
  199  16:15  SCV x2  
  196  16:20  Command Center  
  188  16:27  Siege Tank  
  188  16:28  Siege Tank, Marine  
  188  16:29  Marine x13  
  188  16:30  Marine x8  
  166  16:33  Siege Tank  
  146  16:46  Marine  
  146  16:47  Medivac, Marine x14  
  133  16:48  Marine  
  133  16:50  Marine  
  149  16:57  Marine x3  
  149  16:58  Marine x2  
  149  16:59  Siege Tank  
  157  17:04  Marine x2  
  157  17:05  Marine x2  
  157  17:06  Marine x6  
  166  17:09  Siege Tank  
  166  17:12  Siege Tank  
  172  17:19  Marine x2  
  171  17:23  Marine x3  
  174  17:31  Siege Tank, Marine  
  174  17:35  Marine  
Show
View Real Time Build Order
Export as new Build Order

HeroMarine Terran - Winner!

Build Orders:  

Get SALT Encoding   

  12  0:00  SCV  
  13  0:12  SCV  
  14  0:17  Supply Depot  
  14  0:24  SCV  
  15  0:39  SCV  
  15  0:41  Barracks  
  16  0:43  Refinery  
  16  0:51  SCV  
  16  0:52  Refinery  
  17  1:03  SCV  
  18  1:15  SCV  
  19  1:28  Reaper, Orbital Command  
  20  1:34  Supply Depot  
  20  1:41  Factory  
  20  1:53  SCV  
  21  2:00  Reaper  
  22  2:06  SCV  
  23  2:18  Command Center  
  23  2:19  SCV  
  24  2:25  Hellion  
  26  2:31  SCV  
  26  2:33  Barracks Reactor  
  27  2:37  Supply Depot  
  27  2:43  SCV  
  28  2:46  Widow Mine  
  30  2:56  SCV  
  30  2:57  Starport  
  31  3:07  Factory Tech Lab  
  31  3:08  SCV  
  31  3:09  Marine x2  
  34  3:14  Refinery  
  34  3:20  SCV  
  34  3:26  Cyclone  
  38  3:31  Orbital Command  
  38  3:32  SCV  
  39  3:34  Starport Tech Lab  
  39  3:36  Marine  
  39  3:39  Marine  
  41  3:44  SCV  
  42  3:52  Raven  
  44  3:56  SCV  
  44  3:57  SCV  
  44  4:02  Siege Tank  
  51  4:07  Supply Depot  
  51  4:11  SCV x2  
  51  4:23  Command Center, SCV  
  52  4:26  SCV  
  53  4:31  Supply Depot  
  53  4:35  SCV, Raven  
  53  4:38  SCV  
  57  4:41  Siege Tank  
  60  4:47  Marine  
  60  4:48  SCV  
  62  4:53  SCV, Marine  
  62  4:55  Supply Depot  
  62  4:56  Refinery  
  64  5:00  SCV  
  64  5:05  SCV  
  66  5:12  SCV  
  66  5:13  Siege Tank  
  70  5:17  SCV  
  71  5:25  SCV  
  71  5:27  Viking  
  71  5:28  Viking, Stimpack, Marine  
  76  5:29  SCV  
  78  5:35  Orbital Command  
  78  5:37  SCV  
  78  5:41  SCV  
  80  5:45  Siege Tank  
  80  5:46  Marine  
  80  5:49  Barracks x2, SCV  
  85  5:54  SCV  
  85  5:55  Supply Depot x2  
  86  6:00  Viking x2, Orbital Command  
  86  6:01  SCV  
  89  6:06  SCV  
  90  6:11  Engineering Bay  
  90  6:12  Engineering Bay  
  90  6:13  SCV  
  90  6:18  SCV, Siege Tank  
  92  6:19  Marine  
  92  6:21  Supply Depot  
  96  6:25  SCV  
  96  6:27  SCV  
  98  6:34  Viking x2  
  98  6:36  SCV  
  98  6:38  SCV  
  98  6:39  SCV  
  105  6:42  Terran Infantry Armor Level 1, Terran Infantry Weapons Level 1  
  105  6:44  Barracks Reactor  
  105  6:49  Barracks Reactor  
  105  6:50  SCV x2, Barracks  
  105  6:51  Barracks, SCV  
  108  6:56  Refinery  
  108  6:57  Refinery, Marine  
  108  6:59  Supply Depot  
  109  7:02  SCV x2  
  109  7:03  SCV  
  111  7:10  Viking x2  
  111  7:14  SCV x2  
  117  7:19  SCV  
  113  7:26  SCV x2  
  113  7:29  Sensor Tower, Marine x2  
  116  7:30  Marine x3  
  116  7:31  SCV  
  116  7:34  Siege Tank  
  124  7:41  Barracks Reactor x2  
  124  7:42  Combat Shield  
  125  7:44  Armory  
  125  7:46  Supply Depot x2  
  125  7:47  Marine  
  125  7:50  Supply Depot  
  125  7:52  Marine  
  125  7:54  Marine  
  125  7:55  Command Center, Marine  
  125  8:00  Medivac  
  125  8:01  Medivac  
  125  8:02  Marine  
  125  8:05  Marine  
  131  8:09  Supply Depot, Marine  
  131  8:12  Marine x2  
  132  8:14  SCV x3  
  132  8:19  Missile Turret  
  137  8:20  Marine  
  137  8:21  Siege Tank, Marine  
  137  8:22  Missile Turret  
  137  8:23  Missile Turret  
  137  8:26  SCV x3  
  145  8:32  Marine x2  
  147  8:35  Terran Vehicle Weapons Level 1  
  147  8:36  Terran Infantry Armor Level 2, Terran Infantry Weapons Level 2  
  147  8:38  SCV x2  
  147  8:39  Marine x3  
  151  8:42  Marine x2  
  151  8:44  Marine x2  
  149  8:49  Supply Depot, SCV  
  149  8:50  SCV  
  149  8:51  SCV, Missile Turret, Marine x2  
  154  8:59  Siege Tank  
  154  9:00  Medivac x2  
  154  9:02  Factory, Marine x2  
  163  9:03  Marine x2  
  163  9:06  Marine x2  
  163  9:09  Missile Turret  
  167  9:15  Marine x2  
  169  9:18  Barracks Reactor  
  169  9:21  Missile Turret  
  169  9:22  Sensor Tower  
  169  9:25  Refinery x2  
  169  9:29  SCV x2  
  172  9:38  Planetary Fortress  
  171  9:40  Siege Tank  
  171  9:41  Marine x2  
  171  9:44  Marine x3  
  166  9:54  Marine x3  
  166  9:57  SCV x2  
  166  9:58  SCV  
  166  9:59  Marine  
  168  10:01  Marine x3  
  168  10:04  Marine x3  
  168  10:05  Viking x2  
  177  10:09  SCV  
  177  10:12  Siege Tank, Marine x3  
  180  10:17  Marine  
  180  10:19  Marine x2  
  180  10:20  Marine  
  176  10:21  Marine  
  176  10:23  Marine x2  
  179  10:29  Marine  
  179  10:30  Marine x2  
  179  10:31  Starport  
  179  10:32  Terran Vehicle Weapons Level 2, Starport  
  179  10:39  Refinery  
  179  10:42  Marine  
  179  10:43  Marine  
  179  10:44  Siege Tank  
  179  10:49  Siege Tank  
  187  10:50  Sensor Tower  
  187  10:54  Viking x2  
  191  10:58  Missile Turret x2  
  191  11:03  Missile Turret  
  191  11:11  Command Center  
  191  11:14  Command Center  
  187  11:21  Marine x2  
  187  11:22  Marine  
  187  11:23  Terran Infantry Weapons Level 3, Terran Infantry Armor Level 3, Marine x2  
  187  11:24  Marine x2  
  152  11:34  Siege Tank x2  
  158  11:42  Viking x2, Starport Tech Lab x2  
  162  11:51  Missile Turret  
  162  11:53  Missile Turret  
  162  12:01  Corvid Reactor, Raven x2  
  166  12:09  Marine x4  
  166  12:10  Siege Tank, Marine  
  166  12:14  Siege Tank  
  177  12:15  SCV  
  177  12:16  SCV  
  177  12:17  SCV  
  180  12:25  Orbital Command  
  180  12:32  Viking, Marine x2  
  180  12:33  Viking  
  184  12:41  Command Center, Marine x2  
  186  12:44  Siege Tank  
  175  12:59  Marine x2  
  175  13:00  Marine  
  175  13:01  Marine x2  
  175  13:03  Siege Tank, Marine  
  175  13:04  Marine  
  184  13:07  Medivac x2  
  184  13:09  Orbital Command  
  184  13:11  Marine  
  184  13:12  Marine  
  183  13:15  Planetary Fortress  
  183  13:16  Siege Tank  
  183  13:18  Marine x2  
  185  13:21  Marine x2  
  185  13:23  Refinery  
  185  13:25  SCV x2  
  185  13:26  SCV  
  190  13:27  Refinery  
  190  13:37  Siege Tank  
  190  13:38  Refinery, Raven x2  
  190  13:40  Marine  
  198  13:46  Sensor Tower  
  198  13:47  Marine x2  
  200  13:50  Sensor Tower  
  200  13:52  Terran Vehicle And Ship Armor Level 1, Marine  
  200  13:55  Orbital Command  
  200  13:56  Sensor Tower  
  177  14:13  Liberator  
  177  14:14  Liberator, Siege Tank x2  
  177  14:15  Marine x3  
  184  14:17  Marine x5  
  184  14:18  Marine  
  184  14:20  Marine  
  184  14:21  Hi-Sec Auto Tracking  
  191  14:27  Missile Turret  
  123  14:31  Viking x2  
  175  14:32  Marine  
  179  14:39  Marine x2  
  179  14:45  Marine x2  
  176  14:46  Siege Tank, Marine x2  
  176  14:49  Marine x2  
  185  14:53  Marine x2  
  185  14:56  Siege Tank  
  185  14:57  Sensor Tower, Marine  
  191  15:00  Viking  
  191  15:01  Raven x2  
  191  15:02  Viking  
  191  15:06  Marine  
  189  15:22  Marine x2  
  189  15:25  Marine x2  
  189  15:26  Marine x2  
  188  15:30  Siege Tank x2  
  188  15:32  Marine x2  
  193  15:35  Marine  
  193  15:40  Marine x2  
  196  15:44  Raven x2  
  196  15:47  Command Center  
  200  16:03  Siege Tank  
  200  16:07  Command Center  
  200  16:15  Neosteel Armor, Starport  
  200  16:16  Starport  
  189  16:31  Siege Tank, Marine x3  
  189  16:32  Marine x4  
  185  16:34  Marine x3  
  185  16:35  Siege Tank  
  179  16:49  Marine x4  
  179  16:50  Marine  
  179  16:53  Marine  
  182  16:54  Raven  
  182  16:55  Raven  
  186  17:03  Siege Tank  
  186  17:05  Medivac x2  
  186  17:06  Marine x2  
  186  17:08  Siege Tank  
  198  17:27  Marine x2  
  196  17:32  Orbital Command  
  199  17:41  Marine  
Tags
 
Add a new tag
Caveats
  • Supply blocks, unpowered buildings, or Contaminate may cause inaccurate times.
  • Supply counts are checked every 10 seconds.